 Dungeon Crawl Stone Soup version 0.22.1-6-g1668fe2c40 (webtiles) character file.

945423 Ihlosi the Archmage (level 27, -6/165 HPs)
             Began as a Kobold Fire Elementalist on Jan 13, 2019.
             Was the Champion of Vehumet.
             Mangled by an Orb Guardian (29 damage)
             ... on level 5 of the Realm of Zot on Jan 18, 2019.
             The game lasted 11:56:01 (111318 turns).

Ihlosi the Archmage (Kobold Fire Elementalist)    Turns: 111318, Time: 11:56:02

Health: -6/165     AC: 17    Str: 11    XL:     27
Magic:  6/54       EV: 30    Int: 29    God:    Vehumet [******]
Gold:   6865       SH: 15    Dex: 16    Spells: 3/80 levels left

rFire    + + +     SeeInvis +   a - +9 rapier (elec)
rCold    + + +     Gourm    .   R - +3 buckler {rC+}
rNeg     + . .     Faith    .   n - +2 robe {rC+ rF+}
rPois    +         Spirit   .   A - +2 helmet {SInv}
rElec    +         Reflect  +   l - +2 cloak of the Prince {Int+2}
rCorr    +         Harm     .   v - +2 pair of gloves {Str+3}
MR       ++...     Rnd*Rage +   O - +2 pair of boots of the Moon {+Blink Dex+3 Stlth+}
Stlth    ++++++....             e - +5 amulet of reflection
HPRegen  0.37/turn              h - ring of Quoffeag {Fire rN+ Int+4}
MPRegen  0.34/turn              t - ring of Nasacid {rElec rPois rC+ Int+2}

@: about to teleport, resistant, hasted, very quick
A: small, hooves 1, berserk 1, blink, blurry vision 1, carnivore, clumsy 2,
dopey 1, frail 1, poison resistance, screaming 1, weak 1, evolution 1,
MP-powered wands, sturdy frame 1
}: 7/15 runes: barnacled, slimy, silver, obsidian, icy, abyssal, gossamer
a: Blink, Renounce Religion, Evoke Blink


You were on level 5 of the Realm of Zot.
You worshipped Vehumet.
Vehumet was exalted by your worship.
You were very full.

You visited 16 branches of the dungeon, and saw 74 of its levels.
You visited the Abyss 2 times.
You visited 1 bazaar.
You also visited: Labyrinth, Bailey and Ice Cave.

You collected 11401 gold pieces.
You spent 4536 gold pieces at shops.

Inventory:

Hand Weapons
 a - a +9 rapier of electrocution (weapon)
 b - the +8 hand crossbow of Lies {freeze, Int+5}
   (You found it on level 3 of the Elven Halls)

   It causes projectiles fired from it to freeze those they strike, causing
   extra injury to most foes and up to half again as much damage against
   particularly susceptible opponents.
   They can also slow down cold-blooded creatures.
   It affects your intelligence (+5).
Missiles
 m - 1180 bolts
 o - 13 throwing nets (quivered)
Armour
 l - the +2 cloak of the Prince (worn) {Int+2}
   (You bought it in a shop on level 3 of the Vaults)

   It affects your intelligence (+2).
 n - a +2 robe of resistance (worn)
 v - a +2 pair of gloves of strength (worn)
 A - a +2 helmet of see invisible (worn)
 J - the +0 buckler "Hoad" {Regen+}
   (You found it on level 3 of the Abyss)

   It increases your rate of regeneration.
 O - the +2 pair of boots of the Moon (worn) {+Blink Dex+3 Stlth+}
   (You bought it in a shop on level 4 of the Dungeon)

   It affects your dexterity (+3).
   It lets you blink.
   It makes you more stealthy.
 R - a +3 buckler of cold resistance (worn)
Jewellery
 e - a +5 amulet of reflection (around neck)
 h - the ring of Quoffeag (left hand) {Fire rN+ Int+4}
   (You bought it in a shop on level 4 of the Dungeon)

   [ring of fire]

   It enhances your fire magic.
   It affects your intelligence (+4).
   It protects you from fire.
   It makes you vulnerable to cold.
   It protects you from negative energy.
 t - the ring of Nasacid (right hand) {rElec rPois rC+ Int+2}
   (You found it on level 5 of the Vaults)

   [ring of poison resistance]

   It affects your intelligence (+2).
   It protects you from cold.
   It insulates you from electricity.
   It protects you from poison.
 y - the ring of Mediema {+Blink rPois rF++ rC- MR+}
   (You took it off a deep elf annihilator on level 4 of the Depths)

   [ring of protection from magic]

   It greatly protects you from fire.
   It makes you vulnerable to cold.
   It protects you from poison.
   It affects your resistance to hostile enchantments.
   It lets you blink.
 I - the ring "Paluddayto" {rCorr rC+}
   (You found it on level 5 of the Vaults)

   [ring of resist corrosion]

   It protects you from cold.
 T - the ring "Ympuosut" {rN+ Int+5}
   (You took it off a necromancer on level 3 of the Crypt)

   [ring of positive energy]

   It affects your intelligence (+5).
   It protects you from negative energy.
Wands
 d - a wand of disintegration (49)
 k - a wand of iceblast (46)
 q - a wand of clouds (4)
 s - a wand of digging (36)
 w - a wand of polymorph (61)
 V - a wand of acid (56)
 W - a wand of random effects (32)
Scrolls
 j - 2 scrolls of amnesia
 p - 15 scrolls of teleportation
 B - 8 scrolls of fear
 C - a scroll of brand weapon
 D - 3 scrolls of holy word
 F - a scroll of magic mapping
 H - 21 scrolls of fog
 K - a scroll of summoning
 Q - 2 scrolls of blinking
 Y - 16 scrolls of remove curse
Potions
 f - a potion of cancellation
 g - 2 potions of curing
 i - 9 potions of mutation
 u - a potion of flight
 z - 4 potions of invisibility
 S - 5 potions of ambrosia
 U - 3 potions of brilliance
Miscellaneous
 X - a crystal ball of energy
Comestibles
 c - 56 rations


   Skills:
 * Level 21.9 Fighting
 - Level 14.0 Short Blades
 - Level 6.0 Armour
 - Level 18.0 Dodging
 - Level 12.0 Stealth
 - Level 6.0 Shields
 O Level 27 Spellcasting
 O Level 27 Conjurations
 + Level 0.7 Summonings
 - Level 15.0 Necromancy
 - Level 6.0 Translocations
 * Level 9.2 Transmutations
 - Level 21.0 Fire Magic
 - Level 12.0 Earth Magic
 - Level 21.0 Evocations


You had 3 spell levels left.
You knew the following spells:

 Your Spells              Type           Power        Failure   Level  Hunger
a - Dispel Undead         Necr           #######.     1%          5    None
b - Throw Flame           Conj/Fire      ######       0%          2    None
c - Sticky Flame          Conj/Fire      ########     0%          4    None
d - Aura of Abjuration    Summ           #####.....   13%         5    None
e - Inner Flame           Hex/Fire       ########     1%          3    None
f - Borgnjor's Vile Clut  Necr/Erth      #######...   1%          5    None
g - Mephitic Cloud        Conj/Pois/Air  ######..     1%          3    None
h - Bolt of Fire          Conj/Fire      ########..   0%          6    None
i - Lehudib's Crystal Sp  Conj/Erth      ########..   1%          8    ###....
j - Ignition              Fire           ########..   1%          8    ###....
k - Blink                 Tloc           N/A          1%          2    None
l - Fire Storm            Conj/Fire      ########..   1%          9    #####..
m - Iron Shot             Conj/Erth      ########..   1%          6    None
n - Necromutation         Tmut/Necr      #######...   30%         8    ###....
r - Regeneration          Chrm/Necr      ######....   1%          3    None

Your spell library contained the following spells:

 Spells                   Type           Power        Failure   Level  Hunger
 Shatter                  Erth           #######...   71%         9    #####..
 Animate Skeleton         Necr           N/A          0%          1    None
 Beastly Appendage        Tmut           ######       0%          1    None
 Flame Tongue             Conj/Fire      #####        0%          1    None
 Magic Dart               Conj           ####         0%          1    None
 Pain                     Necr           ####         0%          1    None
 Shock                    Conj/Air       ####         0%          1    None
 Sting                    Conj/Pois      ####         0%          1    None
 Corpse Rot               Necr           N/A          0%          2    None
 Passwall                 Tmut/Erth      #######.     0%          2    None
 Searing Ray              Conj           ######       0%          2    None
 Sublimation of Blood     Necr           #######...   0%          2    None
 Throw Frost              Conj/Ice       ######       0%          2    None
 Conjure Flame            Conj/Fire      ########     0%          3    None
 Dazzling Spray           Conj/Hex       ######       0%          3    None
 Stone Arrow              Conj/Erth      ######       0%          3    None
 Vampiric Draining        Necr           #######...   0%          3    None
 Apportation              Tloc           ######       1%          1    None
 Confusing Touch          Hex            #####.       1%          1    None
 Corona                   Hex            #####..      1%          1    None
 Freeze                   Ice            ####         1%          1    None
 Infusion                 Chrm           ####         1%          1    None
 Summon Butterflies       Summ           #####...     1%          1    None
 Summon Small Mammal      Summ           ####         1%          1    None
 Call Imp                 Summ           #####...     1%          2    None
 Ensorcelled Hibernation  Hex/Ice        #####.       1%          2    None
 Poisonous Vapours        Pois/Air       #####.       1%          2    None
 Shroud of Golubria       Chrm/Tloc      ######....   1%          2    None
 Slow                     Hex            #####...     1%          2    None
 Song of Slaying          Chrm           #####...     1%          2    None
 Sticks to Snakes         Tmut           #######.     1%          2    None
 Call Canine Familiar     Summ           #####...     1%          3    None
 Confuse                  Hex            #####...     1%          3    None
 Gell's Gravitas          Tloc           ######....   1%          3    None
 Ignite Poison            Fire/Tmut/Pois #######.     1%          3    None
 Lesser Beckoning         Tloc           ######....   1%          3    None
 Ozocubu's Armour         Chrm/Ice       #####...     1%          3    None
 Recall                   Summ/Tloc      N/A          1%          3    None
 Spectral Weapon          Hex/Chrm       #####...     1%          3    None
 Summon Guardian Golem    Hex/Summ       #####...     1%          3    None
 Teleport Other           Tloc           ######..     1%          3    None
 Tukima's Dance           Hex            #####...     1%          3    None
 Animate Dead             Necr           N/A          0%          4    None
 Iskenderun's Mystic Bla  Conj           ########     0%          4    None
 Bolt of Draining         Conj/Necr      ########..   0%          5    None
 Bolt of Magma            Conj/Fire/Erth ########..   0%          5    None
 Fireball                 Conj/Fire      ########..   0%          5    None
 Orb of Destruction       Conj           ########..   0%          7    None
 Leda's Liquefaction      Hex/Erth       ######....   1%          4    None
 Olgreb's Toxic Radiance  Pois           #####...     1%          4    None
 Passage of Golubria      Tloc           N/A          1%          4    None
 Petrify                  Tmut/Erth      #######.     1%          4    None
 Throw Icicle             Conj/Ice       #######.     1%          4    None
 Agony                    Necr           #######.     1%          5    None
 Excruciating Wounds      Chrm/Necr      ######....   1%          5    None
 Iskenderun's Battlesphe  Conj/Chrm      #######.     1%          5    None
 Venom Bolt               Conj/Pois      #######...   1%          5    None
 Yara's Violent Unravell  Hex/Tmut       ######....   1%          5    None
 Bolt of Cold             Conj/Ice       #######...   1%          6    None
 Conjure Ball Lightning   Conj/Air       #######...   1%          6    None
 Death Channel            Necr           #######...   1%          6    None
 Freezing Cloud           Conj/Ice/Air   ######....   1%          6    None
 Statue Form              Tmut/Erth      #######..    1%          6    None
 Spellforged Servitor     Conj/Summ      #######...   1%          7    None
 Alistair's Intoxication  Tmut/Pois      ######..     2%          5    None
 Hydra Form               Tmut           #######...   2%          6    None
 Summon Forest            Summ/Tloc      ######....   4%          5    None
 Simulacrum               Ice/Necr       ######....   4%          6    None
 Summon Ice Beast         Ice/Summ       #####...     5%          4    None
 Summon Lightning Spire   Summ/Air       #####...     5%          4    None
 Cause Fear               Hex            #####.....   6%          4    None
 Ring of Flames           Chrm/Fire      ########..   8%          7    None
 Borgnjor's Revivificati  Necr           #######...   9%          8    ###....
 Infestation              Necr           #######...   9%          8    ###....
 Dragon Form              Tmut           #######...   12%         7    None
 Summon Demon             Summ           #####.....   13%         5    None
 Summon Mana Viper        Hex/Summ       #####...     16%         5    None
 Silence                  Hex/Air        #####.....   19%         5    None
 Haunt                    Necr/Summ      ######....   22%         7    None
 Shadow Creatures         Summ           N/A          58%         6    None
 Darkness                 Hex            #####.....   69%         6    None
 Deflect Missiles         Chrm/Air       #####.....   69%         6    None
 Invisibility             Hex            #####...     69%         6    None
 Malign Gateway           Summ/Tloc      ######....   80%         7    None
 Death's Door             Chrm/Necr      ######....   89%         8    ###....
 Monstrous Menagerie      Summ           #####.....   99%         7    None
 Summon Greater Demon     Summ           #####.....   99%         7    None
 Summon Hydra             Summ           #####.....   99%         7    None
 Discord                  Hex            #####.....   100%        8    ###....
 Summon Horrible Things   Summ           #####.....   100%        8    ###....
 Dragon's Call            Summ           #####.....   100%        9    #####..
 Tornado                  Air            #####.....   100%        9    #####..


Dungeon Overview and Level Annotations

Branches:
Dungeon (15/15)            Temple (1/1) D:7            Lair (6/6) D:9
 Shoals (4/4) Lair:3       Spider (4/4) Lair:3        Slime (5/5) Lair:5
    Orc (2/2) D:10            Elf (3/3) Orc:2        Vaults (5/5) D:13
  Crypt (3/3) Vaults:2       Tomb (1/3) Crypt:3      Depths (5/5) D:15
   Hell (1/1)                 Dis (0/7) Hell            Geh (7/7) Hell
    Coc (7/7) Hell            Tar (0/7) Hell            Zot (5/5) Depths:5

Altars:
Ashenzari
Cheibriados
Dithmenos
Elyvilon
Fedhas
Gozag
Hepliaklqana
Kikubaaqudgha
Makhleb
Nemelex Xobeh
Okawaru
Qazlal
Ru
Sif Muna
Trog
Uskayaw
Vehumet
Wu Jian
Xom
Yredelemnul
Zin
The Shining One
Beogh

Shops:
D:4 =[   D:5 %   D:6 }   Orc:1 *   Orc:2 (:((   Shoals:2 ?   Vaults:3 [

Portals:
Hell: Depths:1 Depths:2 Depths:3 Depths:4 Depths:5
Abyss: Depths:4
Pandemonium: Depths:2 Depths:3 Depths:5
Ziggurat: Depths:3

Annotations:
Depths:4 3 runed doors
Zot:1 2 transporters, exclusion: obsidian statue


Innate Abilities, Weirdness & Mutations

You are small and have problems with some larger weapons.
You are carnivorous and can eat meat at any time.
You have large cloven feet.
You tend to lose your temper in combat.
You can translocate small distances at will.
Scrolls take you a little longer to read.
You are very clumsy. (Dex -4)
You are dopey. (Int -2)
You are frail. (-10% HP)
Your system is resistant to poisons. (rPois)
You occasionally shout uncontrollably at your foes.
You are weak. (Str -2)
You evolve.
You expend magic power (3 MP) to strengthen your wands.
Your movements are slightly less encumbered by armour. (ER -2)


Message History

The green draconian shifter throws a throwing net.
You reflect the throwing net off an invisible shield around you!
The throwing net hits the green draconian shifter.
The green draconian shifter is caught in the net!
The green draconian shifter struggles against the net.
The orb of fire glows bright magenta.
The fireball explodes!
The fireball engulfs you! You resist.
* * * LOW HITPOINT WARNING * * *
The fireball engulfs the orb of fire.
The orb of fire completely resists.
You feel better.
The orb of fire glows yellow.
The bolt of fire hits you! You resist.
* * * LOW HITPOINT WARNING * * *
The green draconian shifter struggles against the net.
You block the Orb Guardian's attack.
The green draconian shifter points at you and mumbles some strange words.
You resist with significant effort.
The green draconian shifter struggles against the net.
You feel better. The Orb Guardian hits you!!
You die...

▓▓...............,,,,***
▓▓.................,,,,,**
▓.§.).^............,,,,,,* *
▓.......^..........,,,,,,***
▓▓.....XX..........,,,,,,**,
▓▓...........(....,,,,,,*,,
▓▓q.*.(..q.......,,,,,,,,,
*▓....^..X*.......,,,,,,*,,
*▓.........@.......,,,,,,**,
*.......q..........,,,,,,***
*..................,,,,,,* *
*▓.................,,,,,**
▓▓................,,,***
▓▓▓▓.............****
▓▓▓▓▓▓▓▓▓▓▓▓▓▓*


You could see 2 orbs of fire, 2 draconians, a green draconian shifter (caught)
and 3 Orb Guardians.

Vanquished Creatures
  Antaeus (Coc:7)
  Asmodeus (Geh:7)
  the Royal Jelly (Slime:5)
  the Serpent of Hell (Geh:7)
  7 orbs of fire (Zot:5)
  2 ancient liches
  Mara (Crypt:2)
  Mennas (Vaults:2)
  2 juggernauts
  14 shard shrikes
  Margery (Vaults:5)
  Boris (Vaults:5)
  Frederick (Depths:2)
  Saint Roka (Elf:2)
  3 curse toes
  5 Killer Klowns
  The ghost of Jiecvoet the Hoplite, a veteran GrFi of Okawaru (Vaults:3)
  Geryon (Hell)
  2 caustic shrikes
  Jory (Vaults:2)
  Arachne (Spider:2)
  7 golden dragons
  4 bone dragons
  2 electric golems (Zot:5)
  20 Brimstone Fiends
  A Hell Sentinel (Coc:1)
  23 tentacled monstrosities
  14 Ice Fiends
  7 liches
  3 deep elf blademasters
  18 Orb Guardians (Zot:5)
  Rupert (Spider:1)
  Asterion (Spider:4)
  2 deep elf master archers (Elf:3)
  5 ancient champions
  The ghost of bananovenc the Severer, an adept GrFi of Okawaru (Shoals:4)
  4 quicksilver dragons
  15 acid blobs
  6 titans
  10 death cobs
  8 sphinxes
  6 tentacled starspawn (Abyss:3)
  An Executioner (Abyss:3)
  15 storm dragons
  A tengu reaver (Vaults:5)
  13 shadow dragons
  Donald (Elf:2)
  Roxanne (Elf:2)
  18 fire giants
  A revenant (Crypt:2)
  14 azure jellies
  6 draconian monks
  4 deep elf sorcerers
  2 iron dragons
  9 frost giants
  18 balrugs
  7 draconian knights
  22 vault wardens
  5 ghost moths
  9 emperor scorpions
  2 cacodemons
  6 draconian scorchers
  7 deep elf elementalists
  4 orc warlords
  4 curse skulls
  4 draconian annihilators
  22 reapers
  17 ironheart preservers
  22 very ugly things
  3 draconian shifters
  3 ghouls
  6 entropy weavers
  6 war gargoyles
  3 elemental wellsprings (Coc:7)
  8 deep elf demonologists
  31 stone giants
  4 draconian stormcallers
  Nessos (Lair:4)
  11 black draconians
  The ghost of Sullodan the Zephyrmancer, a journeyman DrSu of Cheibriados (Orc:1)
  8 white draconians
  4 vampire knights
  3 lorocyprocas
  7 deep elf annihilators
  13 red draconians
  13 green draconians
  A minotaur (Lab)
  19 purple draconians
  11 yellow draconians
  7 spark wasps
  15 ettins
  15 death oozes
  2 green deaths
  9 blizzard demons
  7 jiangshi
  A crystal guardian (Vaults:2)
  11 eidola
  3 merfolk javelineers
  13 merfolk impalers
  A mummy priest (Crypt:3)
  A kraken zombie (Coc:5)
  7 deep elf death magi
  Josephine (D:14)
  20 fire dragons
  10 yaktaur captains
  21 great orbs of eyes
  5 quicksilver dragon zombies
  9 deep elf high priests
  The ghost of McIrco the Blocker, a journeyman MiFi of Makhleb (D:11)
  Harold (D:7)
  9 rakshasas
  31 ice dragons
  A catoblepas (Lair:6)
  2 alligator snapping turtles
  5 spriggan air magi
  37 vault guards
  5 quicksilver dragon skeletons
  31 two-headed ogres
  8 centaur warriors
  5 merfolk avatars
  12 hydras
  4 merfolk aquamancers (Shoals:4)
  2 satyrs (Shoals:4)
  13 ogre magi
  5 death knights
  Erica (D:10)
  3 tengu warriors
  34 dancing weapons
  10 death yaks (Lair:6)
  6 deep troll shamans
  A queen ant (Spider:1)
  A two-headed ogre (shapeshifter) (Elf:2)
  11 hell hogs
  7 vampire magi
  Urug (D:13)
  3 titan zombies
  9 orc high priests
  4 spriggan berserkers
  5 thrashing horrors (Abyss:3)
  11 deep troll earth magi
  9 soul eaters
  24 sun demons
  26 deep elf knights
  8 storm dragon zombies
  Sonja (D:12)
  84 skeletal warriors
  5 wretched stars
  35 hell knights
  An iron golem (Hell)
  Nergalle (Orc:1)
  6 titan skeletons
  A sixfirhy (Abyss:3)
  A ghost moth zombie (Crypt:3)
  An iron troll (Depths:3)
  A salamander mystic (Depths:4)
  A glowing orange brain (shapeshifter) (Elf:1)
  11 sea snakes
  A shadow wraith (Vaults:5)
  25 deep trolls
  A quicksilver dragon simulacrum (Abyss:3)
  8 wizards
  17 anaconda zombies
  3 spatial maelstroms (Abyss:3)
  An unseen horror (D:11)
  A kraken simulacrum (Coc:2)
  5 golden dragon zombies
  5 glowing orange brains
  A swamp dragon (shapeshifter) (D:13)
  8 flayed ghosts
  20 starcursed masses (Abyss:3)
  4 storm dragon skeletons
  An unseen horror (shapeshifter) (Vaults:5)
  28 deep elf archers
  19 phantasmal warriors
  33 harpies
  5 golden dragon skeletons
  5 shadow dragon zombies
  10 anaconda skeletons
  40 wolf spiders
  An obsidian statue (Depths:5)
  14 orc knights
  2 wolf spider zombies
  25 necromancers
  5 orc sorcerers
  25 ironbrand convokers
  An iron dragon zombie (Crypt:3)
  A cyclops (shapeshifter) (Vaults:5)
  A glowing shapeshifter (Vaults:2)
  25 manticores
  29 orb spiders
  4 shadow dragon skeletons
  10 cyclopes
  78 deep elf magi
  A faun (shapeshifter) (Depths:2)
  4 stone giant zombies
  A mana viper (Abyss:3)
  9 fire giant zombies
  An orb spider (shapeshifter) (D:14)
  30 ugly things
  26 moths of wrath
  8 shining eyes
  A worldbinder (Abyss:3)
  3 salamanders (Depths:4)
  6 stone giant skeletons
  2 iron dragon skeletons
  4 frost giant zombies
  A moth of wrath (shapeshifter) (Depths:5)
  7 fire giant skeletons
  A black mamba (shapeshifter) (Vaults:1)
  3 frost giant skeletons
  7 rust devils
  4 fauns (Shoals:2)
  10 merfolk sirens
  13 smoke demons
  16 vault sentinels
  5 black mambas
  A guardian serpent (shapeshifter) (Elf:1)
  3 elephants (Lair:6)
  5 torpor snails
  12 water nymphs
  5 eyes of devastation
  3 dire elephant zombies
  9 centaur skeletons
  A spiny frog (shapeshifter) (Depths:1)
  11 spiny frogs
  2 titan simulacra (Coc:7)
  A guardian serpent (Abyss:3)
  4 rime drakes
  2 gargoyles
  A spectral sea snake (Shoals:4)
  A storm dragon simulacrum (Coc:7)
  15 hellions
  4 kobold demonologists
  2 dire elephant skeletons
  2 molten gargoyles (Geh:7)
  5 komodo dragons
  12 efreet
  2 orange demons (Abyss:3)
  3 emperor scorpion zombies
  A shock serpent skeleton (Coc:1)
  38 ice devils
  27 yaktaurs
  4 anaconda simulacra
  35 freezing wraiths
  A golden dragon simulacrum (IceCv)
  A catoblepas skeleton (Geh:4)
  19 tormentors
  7 tengu conjurers
  4 harpy zombies
  13 demonic crawlers
  2 guardian mummies (Crypt:3)
  A spectral water nymph (Shoals:4)
  19 red devils
  4 meliai (Abyss:3)
  15 hellwings
  20 hydra zombies
  A queen bee (Abyss:3)
  A red draconian skeleton (Crypt:1)
  A spectral harpy (Shoals:4)
  7 ancient zymes (Abyss:3)
  31 jumping spiders
  2 harpy skeletons
  A tyrant leech (shapeshifter) (Vaults:5)
  2 hippogriffs (shapeshifter)
  6 wind drakes
  18 raiju (Abyss:3)
  36 merfolk
  A shadow dragon simulacrum (Coc:7)
  A spectral manticore (Shoals:4)
  5 ettin zombies
  4 polar bears
  6 hydra skeletons
  134 slime creatures
  7 snapping turtles
  3 fire dragon zombies
  13 hornets
  A stone giant simulacrum (Coc:7)
  18 dream sheep
  A wind drake (shapeshifter) (Abyss:3)
  2 bog bodies (Crypt:1)
  19 blink frogs
  An ice dragon zombie (Coc:5)
  10 hippogriffs
  A frost giant simulacrum (Vaults:2)
  62 flying skulls
  8 alligator zombies
  A redback (shapeshifter) (Vaults:5)
  2 black mamba zombies
  4 ettin skeletons
  3 fire dragon skeletons
  74 redbacks
  36 wraiths
  5 dire elephant simulacra
  13 small abominations (Abyss:3)
  3 spriggans
  5 air elementals
  16 shadows
  34 tarantellas
  2 vampires
  6 ynoxinuls (Abyss:3)
  19 large abominations (Abyss:3)
  24 water elementals
  11 ice dragon skeletons
  4 wyverns
  6 fire bats
  50 yaks
  2 golden eyes
  A basilisk (shapeshifter) (Elf:3)
  6 hungry ghosts
  2 black mamba skeletons
  27 fire elementals
  4 basilisks
  A sea snake simulacrum (Shoals:4)
  4 chaos spawn (Abyss:3)
  A golden eye (shapeshifter) (Vaults:2)
  6 vampire mosquitoes
  3 neqoxecs (Abyss:3)
  Menkaure (D:6)
  An elf skeleton (Depths:2)
  A death yak simulacrum (IceCv)
  9 spatial vortices (Abyss:3)
  A faun zombie (Crypt:1)
  2 harpy simulacra (IceCv)
  An iron troll simulacrum (IceCv)
  8 soldier ants (Spider:1)
  10 wargs
  A merfolk simulacrum (Shoals:4)
  An acid dragon (Vaults:2)
  2 floating eyes (Depths:4)
  13 water moccasins
  8 spiny frog zombies
  5 hydra simulacra
  Duvessa (D:4)
  32 hell hounds
  6 porcupines
  34 orc warriors
  4 black bears
  A hornet zombie (D:8)
  An ice dragon simulacrum (Hell)
  19 ice beasts
  A satyr simulacrum (Shoals:4)
  A spriggan simulacrum (Depths:2)
  A black bear (shapeshifter) (Vaults:1)
  A meliai simulacrum (D:15)
  9 sky beasts
  An eye of draining (shapeshifter) (Vaults:1)
  An ogre (shapeshifter) (Depths:5)
  7 snapping turtle zombies
  2 ettin simulacra (IceCv)
  11 eyes of draining
  A swamp dragon zombie (Geh:5)
  2 alligator simulacra
  4 phantoms
  5 snapping turtle skeletons
  13 necrophages
  33 ogres
  11 wolves
  6 centaurs
  5 boggarts
  4 crocodiles
  A dream sheep skeleton (Crypt:1)
  2 swamp dragon skeletons
  A tengu (shapeshifter) (Depths:2)
  3 manticore skeletons
  11 big kobolds (D:11)
  17 bullfrogs
  3 earth elementals
  A komodo dragon zombie (Crypt:2)
  6 spiny frog simulacra
  A gnoll sergeant (D:9)
  A warg zombie (Crypt:2)
  10 wyvern skeletons
  An elf simulacrum (Vaults:1)
  A scorpion (D:6)
  A water moccasin skeleton (D:4)
  Dowan (D:4)
  A snapping turtle simulacrum (Shoals:4)
  24 killer bees
  81 wights
  An elephant simulacrum (IceCv)
  A spriggan skeleton (Geh:1)
  6 electric eels
  4 bullfrog zombies
  5 howler monkeys
  A spectral centaur (Shoals:4)
  13 crimson imps
  5 centaur zombies
  6 quasits
  2 human zombies
  3 hounds
  6 jellies
  41 orc priests
  7 iron imps
  34 orc wizards
  Ijyb (D:3)
  3 bullfrog skeletons
  30 worker ants
  Terence (D:2)
  11 hell rats
  A human skeleton (Geh:7)
  4 iguanas
  3 troll simulacra (IceCv)
  2 wolf simulacra (IceCv)
  A polar bear simulacrum (IceCv)
  A tengu zombie (Coc:5)
  3 centaur simulacra (IceCv)
  An acid dragon skeleton (Crypt:2)
  An ogre skeleton (Crypt:1)
  7 mummies
  A worker ant zombie (D:8)
  14 adders
  25 gnolls
  2 naga simulacra (IceCv)
  3 ogre simulacra (IceCv)
  10 shadow imps
  23 white imps
  2 ufetubi
  6 oozes
  A lava snake zombie (Crypt:1)
  An adder skeleton (D:8)
  2 worms
  2 dart slugs (D:1)
  9 leopard geckos
  125 orcs
  A ball python (D:2)
  5 bats
  3 giant cockroaches (D:1)
  10 goblins
  21 hobgoblins
  3 jackals (D:1)
  2 quokkas
  A ball python skeleton (Crypt:1)
  2 frilled lizards (D:1)
  A hobgoblin skeleton (Crypt:1)
  22 kobolds
  A kobold skeleton (Geh:7)
  A kobold zombie (Geh:7)
  A leopard gecko zombie (D:7)
  2 orc zombies
  A quokka skeleton (Crypt:1)
  A quokka zombie (D:8)
  10 rats
  A fire vortex (Abyss:3)
  A lurking horror (Abyss:3)
  3 plants
  7 starspawn tentacles (Abyss:3)
  2 tentacles (Coc:5)
  4 withered plants (Crypt:3)
3956 creatures vanquished.

Vanquished Creatures (collateral kills)
  A golden dragon (Zot:4)
  2 tentacled starspawn (Abyss:3)
  A draconian scorcher (Zot:1)
  A reaper (Geh:2)
  An ironheart preserver (Vaults:5)
  2 green draconians
  3 red draconians (Zot:1)
  A yellow draconian (Zot:3)
  An eidolon (Crypt:3)
  An ettin (Vaults:5)
  A death knight (Abyss:3)
  An orc high priest (Orc:2)
  A dancing weapon (Elf:2)
  3 wretched stars (Abyss:3)
  2 skeletal warriors (Hell)
  An iron dragon zombie (Geh:2)
  A wolf spider (Spider:4)
  A frost giant zombie (Coc:7)
  A necromancer (Crypt:3)
  An iron dragon skeleton (Crypt:3)
  A yaktaur (Vaults:3)
  A jumping spider (Spider:4)
  A slime creature (Slime:3)
  2 small abominations (Abyss:3)
  An ettin skeleton (Coc:6)
  A shadow (Coc:3)
  2 tarantellas (Spider:4)
  3 golden eyes
  A water elemental (Coc:7)
  A chaos spawn (Abyss:3)
  A lindwurm zombie (Crypt:2)
  An ice beast (Coc:5)
  An orc warrior (Vaults:3)
  An elf skeleton (Crypt:1)
  3 wights
  An electric eel (Elf:3)
  An orc priest (Elf:2)
  A mummy (Coc:3)
  A shadow imp (Abyss:3)
  A white imp (Coc:5)
  3 orcs
  An orc skeleton (Geh:1)
  A starspawn tentacle (Abyss:3)
58 creatures vanquished.

Vanquished Creatures (others)
  2 eldritch tentacles
  A stone giant (Depths:1)
  An elemental wellspring (Coc:4)
  A yaktaur captain (Vaults:5)
  2 merfolk javelineers
  3 centaur warriors
  2 hell hogs
  A deep elf archer (Vaults:4)
  A wizard (D:14)
  2 fauns (Shoals:2)
  A cyclops (D:15)
  A moth of wrath (Zot:5)
  A flying skull (Coc:7)
  A phantom (Coc:3)
  A small abomination (Abyss:3)
  2 white imps (IceCv)
  2 ufetubi (IceCv)
  A kobold (D:1)
  A bush (Lair:6)
  634 fire vortices
  23 fungi
  22 plants
  24 starspawn tentacles
  6 tentacles
  5 withered plants (Crypt:3)
741 creatures vanquished.

Grand Total: 4755 creatures vanquished

Notes
Turn   | Place    | Note
-------+----------+-------------------------------------------
     0 | D:1      | Ihlosi the Kobold Fire Elementalist began the quest for the
                  | Orb.
     0 | D:1      | Reached XP level 1. HP: 10/10 MP: 3/3
   158 | D:1      | Reached XP level 2. HP: 15/15 MP: 0/5
   588 | D:1      | Reached XP level 3. HP: 18/19 MP: 6/6
  1268 | D:2      | Reached XP level 4. HP: 11/24 MP: 4/8
  1715 | D:2      | Reached XP level 5. HP: 17/28 MP: 0/9
  1947 | D:2      | Found a basalt altar of Yredelemnul.
  1953 | D:2      | Noticed Terence
  1972 | D:2      | Learned a level 2 spell: Throw Flame
  1977 | D:2      | Learned a level 4 spell: Sticky Flame
  1983 | D:2      | Killed Terence
  2365 | D:3      | Reached XP level 6. HP: 33/33 MP: 8/11
  2688 | D:3      | Noticed Ijyb
  2697 | D:3      | Killed Ijyb
  2988 | D:4      | Reached skill level 1 in Fighting
  2988 | D:4      | Reached skill level 1 in Evocations
  3159 | D:4      | Noticed an ogre
  3254 | D:4      | Noticed Duvessa
  3270 | D:4      | Found Viub's Jewellery Boutique.
  3399 | D:4      | Reached XP level 7. HP: 32/38 MP: 7/13
  3958 | D:4      | Found Iphuttai's Antique Armour Emporium.
  4161 | D:4      | Noticed Dowan
  4166 | D:4      | Killed Dowan
  4182 | D:4      | Killed Duvessa
  4182 | D:4      | Reached XP level 8. HP: 37/44 MP: 2/15
  4303 | D:5      | Entered Level 5 of the Dungeon
  4534 | D:5      | Reached skill level 5 in Spellcasting
  4538 | D:5      | Reached skill level 5 in Fire Magic
  4574 | D:5      | Reached skill level 5 in Conjurations
  4796 | D:5      | Found Bofe's Food Shop.
  5155 | D:6      | Found Voxary's Gadget Shop.
  5439 | D:6      | Reached XP level 9. HP: 50/50 MP: 11/17
  5590 | D:6      | Noticed Menkaure
  5707 | D:6      | Found a blossoming altar of Fedhas.
  5796 | D:6      | Killed Menkaure
  5796 | D:6      | Reached skill level 5 in Dodging
  5846 | D:6      | Found an ancient bone altar of Kikubaaqudgha.
  5848 | D:6      | Found a blossoming altar of Fedhas.
  5849 | D:6      | Found a stormy altar of Qazlal.
  5866 | D:6      | Found a hide-covered altar of Uskayaw.
  6224 | D:7      | Noticed Harold
  6285 | D:7      | Killed Harold
  6285 | D:7      | Reached skill level 1 in Shields
  6483 | D:7      | Found a glowing silver altar of Zin.
  6483 | D:7      | Found a burning altar of Makhleb.
  6484 | D:7      | Noticed a green death
  6484 | D:7      | Noticed an angel
  6490 | D:7      | Noticed a hippogriff
  6501 | D:7      | Killed a hippogriff
  6624 | D:7      | Reached XP level 10. HP: 27/56 MP: 16/20
  6968 | D:7      | Found a staircase to the Ecumenical Temple.
  6977 | Temple   | Entered the Ecumenical Temple
  7033 | Temple   | Became a worshipper of Vehumet
  7970 | D:8      | Reached * piety under Vehumet
  7970 | D:8      | Offered knowledge of Sting by Vehumet.
  8845 | D:9      | Reached skill level 5 in Stealth
  8954 | D:9      | Offered knowledge of Magic Dart by Vehumet.
  8955 | D:9      | Reached ** piety under Vehumet
  9079 | D:9      | Learned a level 3 spell: Conjure Flame
  9083 | D:9      | Learned a level 3 spell: Inner Flame
  9089 | D:9      | Learned a level 5 spell: Fireball
  9387 | D:9      | Reached XP level 11. HP: 61/61 MP: 12/23
  9630 | D:9      | Found a staircase to the Lair.
  9778 | D:10     | Entered Level 10 of the Dungeon
  9914 | D:10     | Found a flagged portal.
  9948 | Bailey   | Entered a bailey
  9969 | Bailey   | Offered knowledge of Mephitic Cloud by Vehumet.
  9974 | Bailey   | Learned a level 3 spell: Mephitic Cloud
 10097 | Bailey   | Reached *** piety under Vehumet
 10508 | D:10     | Noticed Erica
 10519 | D:10     | Killed Erica
 10554 | D:10     | Reached skill level 5 in Evocations
 10674 | D:10     | Noticed a two-headed ogre
 10851 | D:10     | Noticed a two-headed ogre
 10858 | D:10     | Killed a two-headed ogre
 10998 | D:10     | Killed a two-headed ogre
 11300 | D:10     | Found a staircase to the Orcish Mines.
 11606 | D:11     | Noticed a cyclops
 11776 | D:4      | Bought a pair of faintly glowing boots for 294 gold pieces
 11776 | D:4      | Identified a scroll of acquirement
 11883 | D:4      | Bought an embroidered robe for 114 gold pieces
 11883 | D:4      | Bought a runed robe for 114 gold pieces
 11883 | D:4      | Bought a pitted leather armour for 217 gold pieces
 11883 | D:4      | Bought a pair of distressingly furry gloves for 294 gold
                  | pieces
 11916 | D:4      | Identified the +2 pair of boots of the Moon {+Blink Dex+3
                  | Stlth+} (You bought it in a shop on level 4 of the Dungeon)
 11926 | D:4      | Identified the cursed +0 pair of gloves of the Prince of
                  | Darkness {-Cast -Tele +Inv Int+9} (You bought it in a shop
                  | on level 4 of the Dungeon)
 11936 | D:4      | Identified the +1 leather armour of the Griffon {Dex+2
                  | Stlth+} (You bought it in a shop on level 4 of the Dungeon)
 12081 | Lair:1   | Entered Level 1 of the Lair of Beasts
 12116 | Lair:1   | Found a glowing golden altar of the Shining One.
 12224 | Lair:1   | Reached skill level 5 in Fighting
 12261 | Lair:1   | Offered knowledge of Stone Arrow by Vehumet.
 12457 | Lair:1   | Noticed a four-headed hydra
 12726 | Lair:1   | Killed a four-headed hydra
 12726 | Lair:1   | Reached XP level 12. HP: 68/68 MP: 15/25
 14883 | Lair:3   | Reached skill level 10 in Spellcasting
 15879 | Lair:3   | Found a staircase to the Shoals.
 15965 | Lair:3   | Reached **** piety under Vehumet
 16014 | Lair:3   | Reached XP level 13. HP: 33/74 MP: 4/27
 16316 | Lair:3   | Found a hole to the Spider Nest.
 17576 | Lair:4   | Got a steaming lapis lazuli ring
 17577 | Lair:4   | Identified the ring "Nuonocie" {rC+ Int+5} (You acquired it
                  | on level 4 of the Lair of Beasts)
 17586 | Lair:4   | Noticed Nessos
 18065 | D:4      | Bought the ring of Quoffeag {Fire rN+ Int+4} for 446 gold
                  | pieces
 18229 | Orc:1    | Entered Level 1 of the Orcish Mines
 18232 | Orc:1    | Offered knowledge of Dazzling Spray by Vehumet.
 18305 | Orc:1    | Noticed Sullodan's ghost (journeyman DrSu)
 18307 | Orc:1    | Noticed an orc warlord
 18312 | Orc:1    | Found a runed gate.
 18312 | Orc:1    | Found a runed gate.
 18312 | Orc:1    | Found a runed gate.
 18326 | Orc:1    | Reached skill level 10 in Fire Magic
 18335 | Orc:1    | Noticed an ettin
 18347 | Orc:1    | Killed an ettin
 18347 | Orc:1    | Reached skill level 10 in Conjurations
 18542 | Orc:1    | Found Voakk's General Store.
 18869 | Orc:2    | Entered Level 2 of the Orcish Mines
 19148 | Orc:2    | Found a staircase to the Elven Halls.
 19250 | Orc:1    | Noticed Nergalle
 19261 | Orc:1    | Killed Nergalle
 20056 | Orc:2    | Reached ***** piety under Vehumet
 20063 | Orc:2    | Reached skill level 5 in Shields
 20077 | Orc:2    | Offered knowledge of Throw Icicle by Vehumet.
 20796 | Orc:2    | Found Xiurah's Weapon Boutique.
 20796 | Orc:2    | Found Zumem's Antique Weapon Emporium.
 20833 | Orc:2    | Found a roughly hewn altar of Beogh.
 21138 | Orc:2    | Found Jurich's Book Emporium.
 21138 | Orc:2    | Found Mossialu's Weapon Boutique.
 21258 | Orc:2    | Bought the Guide on Fire for 854 gold pieces
 21265 | Orc:2    | Learned a level 6 spell: Bolt of Fire
 21289 | Elf:1    | Entered Level 1 of the Elven Halls
 21299 | Elf:1    | Reached XP level 14. HP: 41/80 MP: 26/30
 21930 | D:11     | Offered knowledge of Iron Shot by Vehumet.
 22213 | D:11     | Found a basalt altar of Yredelemnul.
 22253 | D:11     | Found a runed gate.
 22254 | D:11     | Found a runed gate.
 22255 | D:11     | Found a runed gate.
 22256 | D:11     | Noticed McIrco's ghost (journeyman MiFi)
 22733 | D:12     | You fall through a shaft!
 22733 | D:13     | Noticed Urug
 22738 | D:13     | Killed Urug
 22873 | D:13     | Found a hazy altar of Hepliaklqana.
 23384 | D:12     | Noticed Sonja
 23905 | D:12     | Offered knowledge of Bolt of Magma by Vehumet.
 23921 | D:12     | Learned a level 5 spell: Bolt of Magma
 24894 | D:13     | Found a gate to the Vaults.
 25856 | D:14     | Found an opulent altar of Gozag.
 25891 | D:14     | Reached XP level 15. HP: 82/84 MP: 22/31
 26024 | D:14     | Noticed Josephine
 26394 | D:14     | Found a snail-covered altar of Cheibriados.
 26426 | D:14     | Found a bloodstained altar of Trog.
 26519 | D:14     | Killed Josephine
 26719 | D:14     | Reached skill level 10 in Dodging
 26890 | D:15     | Entered Level 15 of the Dungeon
 27039 | D:15     | Got a steaming ring mail
 27044 | D:15     | Identified the +4 ring mail of the Secret Friends {rF+}
                  | (You found it on level 15 of the Dungeon)
 27940 | D:15     | Found a staircase to the Depths.
 28373 | Lair:4   | Offered knowledge of Iskenderun's Battlesphere by Vehumet.
 28889 | Lair:4   | Killed Nessos
 29152 | Lair:5   | Found a labyrinth entrance.
 29172 | Lab      | Entered a labyrinth
 30086 | Lair:5   | Found a staircase to the Slime Pits.
 30289 | Lair:5   | Reached skill level 1 in Short Blades
 30903 | Lair:6   | Entered Level 6 of the Lair of Beasts
 31488 | Lair:6   | Reached XP level 16. HP: 90/90 MP: 24/33
 31855 | Lair:6   | Offered knowledge of Ozocubu's Refrigeration by Vehumet.
 32854 | Shoals:1 | Entered Level 1 of the Shoals
 33755 | Shoals:1 | Reached skill level 5 in Short Blades
 34137 | Shoals:1 | Learned a level 8 spell: Ignition
 34405 | Shoals:2 | Learned a level 2 spell: Blink
 34594 | Shoals:2 | Found Deytiaqo's Magic Scroll Emporium.
 34606 | Shoals:2 | Bought a scroll of acquirement for 780 gold pieces
 34887 | Shoals:2 | Reached XP level 17. HP: 96/96 MP: 32/35
 34898 | Shoals:2 | Offered knowledge of Orb of Destruction by Vehumet.
 35171 | Shoals:3 | Reached skill level 1 in Translocations
 36176 | Shoals:3 | Reached skill level 15 in Spellcasting
 36876 | Shoals:4 | Entered Level 4 of the Shoals
 37025 | Shoals:4 | Found a runed gate.
 37026 | Shoals:4 | Found a runed gate.
 37027 | Shoals:4 | Found a runed gate.
 37029 | Shoals:4 | Noticed bananovenc's ghost (adept GrFi)
 38075 | Shoals:4 | Reached XP level 18. HP: 82/104 MP: 22/37
 38454 | Shoals:4 | Got a barnacled rune of Zot
 38678 | Shoals:4 | Reached skill level 15 in Fire Magic
 39190 | Spider:1 | Entered Level 1 of the Spider Nest
 39863 | Spider:1 | Reached skill level 15 in Conjurations
 39956 | Spider:1 | Reached ****** piety under Vehumet
 40021 | Spider:1 | Offered knowledge of Conjure Ball Lightning by Vehumet.
 40051 | Spider:1 | Noticed Rupert
 40496 | Spider:1 | Paralysed by Rupert for 4 turns
 40504 | Spider:1 | Killed Rupert
 41793 | Spider:3 | Noticed Arachne
 41860 | Spider:2 | Killed Arachne
 41860 | Spider:2 | Reached skill level 5 in Translocations
 42293 | Spider:2 | Reached XP level 19. HP: 110/110 MP: 33/38
 43136 | Spider:3 | Offered knowledge of Lehudib's Crystal Spear by Vehumet.
 43136 | Spider:3 | Offered knowledge of Fire Storm by Vehumet.
 43136 | Spider:3 | Offered knowledge of Shatter by Vehumet.
 43556 | Spider:4 | Entered Level 4 of the Spider Nest
 43556 | Spider:4 | Noticed Asterion
 43838 | Spider:4 | Found a frozen archway.
 43846 | IceCv    | Entered an ice cave
 44477 | IceCv    | Noticed an Ice Fiend
 44479 | IceCv    | Killed an Ice Fiend
 45858 | D:12     | Killed Sonja
 45950 | Vaults:1 | Entered Level 1 of the Vaults
 47724 | Vaults:2 | Noticed Jory
 47784 | Vaults:2 | Reached XP level 20. HP: 115/115 MP: 16/40
 48083 | Vaults:2 | Noticed Mennas
 48770 | D:11     | Killed McIrco's ghost
 48911 | Orc:1    | Paralysed by an orc sorcerer for 3 turns
 48914 | Orc:1    | Killed Sullodan's ghost
 49215 | Shoals:4 | Killed bananovenc's ghost
 49614 | Depths:1 | Entered Level 1 of the Depths
 50899 | Depths:1 | Found a gateway to Hell.
 51922 | Depths:2 | Reached XP level 21. HP: 106/120 MP: 15/42
 52135 | Depths:2 | Paralysed by a yaktaur for 6 turns
 52473 | Depths:2 | Noticed Frederick
 52480 | Depths:2 | Killed Frederick
 52495 | Depths:2 | Noticed a Tzitzimitl
 52807 | Depths:2 | Cast into level 3 of the Abyss (a deep elf demonologist)
 52818 | Abyss:3  | Learned a level 9 spell: Fire Storm
 52840 | Abyss:3  | Got a shimmering war axe
 52918 | Abyss:3  | Found a corrupted altar of Lugonu.
 52949 | Abyss:3  | Noticed a bone dragon
 53095 | Abyss:3  | Found a corrupted altar of Lugonu.
 53096 | Abyss:3  | Identified the +6 war axe of Fidgh {speed, Str+4} (You
                  | found it on level 3 of the Abyss)
 53153 | Abyss:3  | Found a roughly hewn altar of Beogh.
 53166 | Abyss:3  | Paralysed by a great orb of eyes for 7 turns
 53305 | Depths:2 | Escaped the Abyss
 53310 | Depths:2 | Paralysed by a great orb of eyes for 6 turns
 53315 | Depths:2 | HP: 4/120 [hornet (11)]
 53776 | Depths:2 | Found a transporter.
 53933 | Depths:2 | Identified the Disquisition on Supportive Protection
 54278 | Depths:2 | Found a one-way gate leading to the halls of Pandemonium.
 54331 | Depths:3 | Found a gateway to a ziggurat.
 55661 | Depths:3 | Noticed a caustic shrike
 55998 | Depths:5 | Entered Level 5 of the Depths
 56114 | Depths:4 | Reached XP level 22. HP: 125/125 MP: 31/43
 56781 | Depths:3 | Noticed a juggernaut
 58318 | Elf:1    | Found an ancient bone altar of Kikubaaqudgha.
 58382 | Elf:1    | Found a blossoming altar of Fedhas.
 58472 | Elf:1    | Reached skill level 15 in Dodging
 58965 | Elf:2    | Noticed Donald
 59126 | Elf:2    | Killed Donald
 59543 | Elf:2    | Noticed Roxanne
 59662 | Elf:2    | Killed Roxanne
 59678 | Elf:2    | Identified Roxanne's Incunabulum of Transmutation (You took
                  | it off Roxanne on level 2 of the Elven Halls)
 59695 | Elf:3    | Entered Level 3 of the Elven Halls
 59931 | Elf:2    | Found a runed gate.
 59931 | Elf:2    | Found a runed gate.
 59931 | Elf:2    | Found a runed gate.
 60412 | Elf:2    | Noticed Saint Roka
 60417 | Elf:2    | Reached XP level 23. HP: 121/129 MP: 20/45
 60421 | Elf:2    | Killed Saint Roka
 62698 | Elf:3    | Got a warped lead ring
 63095 | Elf:3    | Identified the ring of Rationality {+Fly rPois rC+ MR-}
                  | (You took it off a deep elf sorcerer on level 3 of the
                  | Elven Halls)
 63107 | Elf:3    | Got a pitted golden amulet
 63108 | Elf:3    | Identified the amulet "Qebuduoq" {Faith rF+ rN++ Dex+3}
                  | (You took it off a deep elf blademaster on level 3 of the
                  | Elven Halls)
 63312 | Elf:3    | Identified Esmivvepp's Tome of Nocuous Confrontation
 63315 | Elf:3    | Identified the Compendium of Toxic Transmutation
 63318 | Elf:3    | Identified the +2 ring mail "Jante" {MR+} (You took it off
                  | a deep elf master archer on level 3 of the Elven Halls)
 63327 | Elf:3    | Identified Amaef's Almanac of Envenoming and Cold
 63462 | Elf:3    | Got a faintly glowing hand crossbow
 63463 | Elf:3    | Identified the +8 hand crossbow of Lies {freeze, Int+5}
                  | (You found it on level 3 of the Elven Halls)
 64088 | Depths:2 | Noticed a juggernaut
 64092 | Depths:2 | Killed a juggernaut
 64104 | Depths:2 | Reached skill level 10 in Evocations
 64104 | Depths:2 | Reached XP level 24. HP: 62/136 MP: 23/45
 64352 | Depths:2 | Found a transporter.
 64358 | Depths:2 | Got a brightly glowing lead ring
 64376 | Depths:2 | Identified the ring of Yxongisu {-Tele +Fly rN+ Int+2
                  | Dex+3} (You found it on level 2 of the Depths)
 64689 | Vaults:2 | Killed Mennas
 64693 | Vaults:2 | Killed Jory
 64890 | Vaults:2 | Reached skill level 10 in Short Blades
 65143 | Vaults:2 | Reached skill level 10 in Fighting
 65779 | Vaults:2 | Found a staircase to the Crypt.
 66526 | Vaults:3 | Found Gixe's Antique Armour Shoppe.
 66532 | Vaults:3 | Bought an ancient cloak for 427 gold pieces
 66542 | Vaults:3 | Identified the +2 cloak of the Prince {Int+2} (You bought
                  | it in a shop on level 3 of the Vaults)
 66734 | Vaults:3 | Reached XP level 25. HP: 142/142 MP: 40/46
 66816 | Vaults:3 | Identified the +6 scale mail of Obimaw {rN+} (You found it
                  | on level 3 of the Vaults)
 67055 | Vaults:3 | Identified the Handbook of Malediction
 67419 | Vaults:3 | Found a runed gate.
 67419 | Vaults:3 | Found a runed gate.
 67419 | Vaults:3 | Found a runed gate.
 67419 | Vaults:3 | Noticed Jiecvoet's ghost (veteran GrFi)
 67542 | Vaults:3 | Found a roughly hewn altar of Beogh.
 67626 | Vaults:3 | Killed Jiecvoet's ghost
 67673 | Vaults:3 | Got a pitted spear {venom}
 67678 | Vaults:3 | Identified the +10 spear of Doocrich {venom, Dex+4} (You
                  | took it off an orc warrior on level 3 of the Vaults)
 67682 | Vaults:3 | Got a bloodstained plate armour
 67683 | Vaults:3 | Identified the +9 plate armour of Happiness {rElec Int+4
                  | Stlth+} (You took it off an orc warlord on level 3 of the
                  | Vaults)
 67706 | Vaults:3 | Identified the amulet "Anlesaed" {Inacc *Drain MR+++ Str-4
                  | Int+9} (You found it on level 3 of the Vaults)
 68413 | Vaults:3 | Got a crude chain mail
 68414 | Vaults:3 | Identified the cursed +1 chain mail of Siarag {Regen+ Str+5
                  | Dex-4 SInv} (You took it off an orc warlord on level 3 of
                  | the Vaults)
 69748 | Vaults:5 | Entered Level 5 of the Vaults
 69750 | Vaults:5 | Noticed Margery
 69753 | Vaults:5 | Reached XP level 26. HP: 140/150 MP: 30/47
 69753 | Vaults:5 | Killed Margery
 70184 | Vaults:4 | Learned a level 6 spell: Iron Shot
 70472 | Vaults:5 | Got a shimmering falchion {antimagic}
 70487 | Vaults:5 | Identified the Volume of the Dusty Escort
 70526 | Vaults:5 | Got a pair of spiked boots
 70527 | Vaults:5 | Identified the Catalogue of Combat Magic
 70541 | Vaults:5 | Got a silver rune of Zot
 70580 | Vaults:5 | Reached XP level 27. HP: 156/156 MP: 31/48
 70753 | Vaults:5 | Got a glittering granite ring
 70857 | Vaults:5 | Noticed Boris
 70860 | Vaults:5 | Killed Boris
 70925 | Vaults:5 | Got a jewelled fustibalus
 71540 | Vaults:5 | Got a fine scale mail
 71543 | Vaults:5 | Got a scorched plate armour
 71819 | Vaults:5 | Identified the +11 fustibalus of the Original Sin
                  | {velocity, rN++ Int-4} (You found it on level 5 of the
                  | Vaults)
 71820 | Vaults:5 | Identified the cursed +0 falchion "Teul" {antimagic, Str+4}
                  | (You took it off an orc on level 5 of the Vaults)
 71841 | Vaults:5 | Identified the +0 pair of boots of Responsibility {rCorr
                  | Int+2} (You found it on level 5 of the Vaults)
 71851 | Vaults:5 | Identified the +2 scale mail of Oprucwok {-Cast rF+ Int+3
                  | Dex+2} (You found it on level 5 of the Vaults)
 71861 | Vaults:5 | Identified the +4 plate armour of the Constellations {rN+}
                  | (You found it on level 5 of the Vaults)
 71882 | Vaults:5 | Identified the ring of Nasacid {rElec rPois rC+ Int+2} (You
                  | found it on level 5 of the Vaults)
 71889 | Vaults:5 | Got a transparent pewter ring
 71895 | Vaults:5 | Identified the ring "Paluddayto" {rCorr rC+} (You found it
                  | on level 5 of the Vaults)
 72711 | Vaults:5 | Got a crystal trident
 73229 | Lair:2   | Identified the cursed +0 trident "Wohulaph" {freeze, Dex+2}
                  | (You found it on level 5 of the Vaults)
 73295 | Slime:1  | Entered Level 1 of the Pits of Slime
 75257 | Slime:5  | Entered Level 5 of the Pits of Slime
 75318 | Slime:4  | Gained mutation: Scrolls take you a little longer to read.
                  | [a shining eye]
 75319 | Slime:4  | Gained mutation: You are dopey. (Int -2) [a shining eye]
 75528 | Slime:5  | Noticed the Royal Jelly
 75537 | Slime:5  | Killed the Royal Jelly
 75788 | Slime:5  | Found the cursed necklace of Bloodlust {*Rage +Rage MR++
                  | Int-3 Slay+6 *Curse}
 75839 | Slime:5  | Got a slimy rune of Zot
 75842 | Slime:5  | Got a jewelled shortbow
 75874 | Slime:5  | Got a scintillating wooden ring
 76076 | Lair:2   | Identified the +11 shortbow "Fyekouwi" {freeze, Str+5
                  | Dex+2} (You found it on level 5 of the Pits of Slime)
 76078 | Lair:2   | Identified the ring of the Archfiend {*Contam +Inv rElec
                  | rN+ Stlth+} (You found it on level 5 of the Pits of Slime)
 76141 | Lair:2   | Upgraded the game from 0.22.1-5-g62c59d919a to
                  | 0.22.1-6-g1668fe2c40
 76153 | Lair:2   | Lost mutation: You are dopey. (Int -2) [potion of mutation]
 76153 | Lair:2   | Lost mutation: Scrolls take you a little longer to read.
                  | [potion of mutation]
 76153 | Lair:2   | Gained mutation: You have a pair of small horns on your
                  | head. [potion of mutation]
 76153 | Lair:2   | Gained mutation: You evolve. [potion of mutation]
 76153 | Lair:2   | Gained mutation: Armour fits poorly on your strangely
                  | shaped body. [potion of mutation]
 76153 | Lair:2   | Gained mutation: You have sharp toenails. [potion of
                  | mutation]
 76280 | Spider:4 | Killed Asterion
 77032 | Spider:4 | Got a gossamer rune of Zot
 78202 | Crypt:1  | Entered Level 1 of the Crypt
 78372 | Crypt:1  | Got a warped falchion
 79708 | Crypt:2  | Gained mutation: Your system is resistant to poisons.
                  | (rPois) [evolution]
 79786 | Crypt:2  | Noticed Mara
 80058 | Crypt:2  | Noticed Ihlosi's illusion
 80174 | Crypt:2  | Noticed Ihlosi's illusion
 80176 | Crypt:2  | Killed Mara
 80191 | Crypt:2  | Reached skill level 10 in Stealth
 80966 | Crypt:3  | Entered Level 3 of the Crypt
 81076 | Crypt:3  | Identified the +5 falchion "Borarargh" {slice, Dex+4} (You
                  | found it on level 1 of the Crypt)
 81792 | Crypt:3  | Found an ancient bone altar of Kikubaaqudgha.
 82082 | Crypt:3  | Got a bound brass ring
 82083 | Crypt:3  | Identified the ring of Gamnin {rCorr *Slow rN++} (You took
                  | it off a necromancer on level 3 of the Crypt)
 82143 | Crypt:3  | Noticed an ancient lich
 82144 | Crypt:3  | Killed an ancient lich
 82161 | Crypt:3  | Got an ichor-stained scale mail
 82162 | Crypt:3  | Identified the +1 scale mail of Space {Str+8} (You found it
                  | on level 3 of the Crypt)
 82167 | Crypt:3  | Got a slimy steel ring
 82168 | Crypt:3  | Identified the ring "Ysuerphar" {rN+ Int+3} (You found it
                  | on level 3 of the Crypt)
 82181 | Crypt:3  | Got a smoking shortbow
 82187 | Crypt:3  | Identified the cursed +3 shortbow of Cruel Justice
                  | {velocity, MR+} (You found it on level 3 of the Crypt)
 82211 | Crypt:3  | Got a twitching ivory ring
 82212 | Crypt:3  | Identified the ring "Ympuosut" {rN+ Int+5} (You took it off
                  | a necromancer on level 3 of the Crypt)
 82258 | Crypt:3  | Got a smoking bronze ring
 82418 | Crypt:3  | Reached skill level 15 in Fighting
 82586 | Crypt:3  | Found a staircase to the Tomb.
 83401 | Crypt:3  | Got a warped long sword
 83402 | Crypt:3  | Identified the +6 long sword of Geiv Soph {slice, Int+3}
                  | (You found it on level 3 of the Crypt)
 83405 | Crypt:3  | Identified the ring of Xoal {rPois rN+ MR- Dex+4} (You took
                  | it off a necromancer on level 3 of the Crypt)
 84073 | Orc:1    | Bought a scroll of acquirement for 624 gold pieces
 84073 | Orc:1    | Bought a scroll of magic mapping for 42 gold pieces
 84073 | Orc:1    | Bought a scroll of teleportation for 36 gold pieces
 84220 | Lair:2   | Lost mutation: Armour fits poorly on your strangely shaped
                  | body. [potion of mutation]
 84220 | Lair:2   | Lost mutation: You have a pair of small horns on your head.
                  | [potion of mutation]
 84220 | Lair:2   | Lost mutation: You have sharp toenails. [potion of
                  | mutation]
 84220 | Lair:2   | Gained mutation: You can translocate small distances at
                  | will. [potion of mutation]
 84220 | Lair:2   | Gained mutation: Your movements are slightly less
                  | encumbered by armour. (ER -2) [potion of mutation]
 84220 | Lair:2   | Gained mutation: You have large cloven feet. [potion of
                  | mutation]
 84692 | Tomb:1   | Entered Level 1 of the Tomb of the Ancients
 85174 | Depths:3 | Killed a juggernaut
 85525 | Depths:3 | Got a polished mace
 85528 | Depths:3 | Identified the +6 mace "Reshupla" {drain, *Corrode rC++
                  | Dex+3 Stlth+} (You found it on level 3 of the Depths)
 85638 | Depths:4 | Learned a level 5 spell: Dispel Undead
 85902 | Depths:4 | Found a runed gate.
 85902 | Depths:4 | Found a runed gate.
 85902 | Depths:4 | Found a runed gate.
 85957 | Depths:4 | Found a one-way gate to the infinite horrors of the Abyss.
 86173 | Depths:4 | Found a runed gate.
 86173 | Depths:4 | Found a runed gate.
 86173 | Depths:4 | Found a runed gate.
 86722 | Depths:5 | Reached skill level 15 in Evocations
 86930 | Depths:5 | Gained mutation: You expend magic power (3 MP) to
                  | strengthen your wands. [evolution]
 87126 | Depths:5 | Found a gateway to a bazaar.
 88333 | Depths:5 | Found a gate to the Realm of Zot.
 88438 | Bazaar   | Entered a bazaar
 88447 | Bazaar   | Found Tecal's Antique Weapon Shoppe.
 88458 | Bazaar   | Found Seguiq's Antique Weapon Emporium.
 88474 | Bazaar   | Found Bedgh's Antique Armour Shoppe.
 88485 | Bazaar   | Found Feonofod's Antique Armour Emporium.
 88490 | Bazaar   | Bought a pair of glowing boots for 150 gold pieces
 88507 | Bazaar   | Bought a steaming short sword for 144 gold pieces
 88534 | Bazaar   | Identified the +7 short sword of Might {chaos, Int+5
                  | Stlth-} (You bought it in a shop in a bazaar)
 88627 | Depths:5 | Learned a level 5 spell: Aura of Abjuration
 88683 | Zot:1    | Entered Level 1 of the Realm of Zot
 89519 | Zot:1    | Found a transporter.
 89590 | Zot:1    | Found a transporter.
 89686 | Zot:1    | Reached skill level 27 in Spellcasting
 89930 | Zot:1    | Reached skill level 1 in Necromancy
 89930 | Zot:1    | Reached skill level 1 in Earth Magic
 89930 | Zot:1    | Reached skill level 1 in Armour
 91476 | Zot:2    | Learned a level 8 spell: Lehudib's Crystal Spear
 91796 | Zot:2    | Got an ichor-stained glaive
 91797 | Zot:2    | Identified the +8 glaive "Eric" {chop, Str+5} (You found it
                  | on level 2 of the Realm of Zot)
 92332 | Zot:3    | Reached skill level 5 in Earth Magic
 95186 | Zot:4    | Reached skill level 5 in Necromancy
 95728 | Zot:5    | Entered Level 5 of the Realm of Zot
 97152 | Hell     | Entered the Vestibule of Hell
 97152 | Hell     | Noticed Geryon
 97158 | Hell     | Killed Geryon
 97291 | Hell     | Reached skill level 5 in Armour
 97790 | Hell     | Found a gateway to the ashen valley of Gehenna.
 97830 | Hell     | Found a gateway to the freezing wastes of Cocytus.
 97964 | Hell     | Found a gateway to the Iron City of Dis.
 98066 | Hell     | Found a gateway to the decaying netherworld of Tartarus.
 98110 | Hell     | Gained mutation: Your muscles are strong. (Str +2)
                  | [evolution]
 98213 | Coc:1    | Entered Level 1 of Cocytus
100118 | Coc:1    | Noticed a shard shrike
100120 | Coc:1    | Killed a shard shrike
100342 | Coc:1    | Noticed a shard shrike
100344 | Coc:1    | Killed a shard shrike
100849 | Coc:4    | Noticed a shard shrike
100853 | Coc:4    | Killed a shard shrike
101295 | Coc:2    | Reached skill level 10 in Necromancy
101325 | Coc:2    | Noticed a shard shrike
101330 | Coc:2    | Killed a shard shrike
101441 | Coc:4    | Learned a level 3 spell: Regeneration
101494 | Coc:5    | Noticed a shard shrike
101495 | Coc:5    | Killed a shard shrike
101512 | Coc:6    | Noticed a shard shrike
101513 | Coc:6    | Noticed a shard shrike
101515 | Coc:6    | Noticed a shard shrike
101519 | Coc:6    | Killed a shard shrike
101519 | Coc:6    | Killed a shard shrike
101519 | Coc:6    | Killed a shard shrike
101590 | Coc:7    | Entered Level 7 of Cocytus
101636 | Coc:7    | Noticed a shard shrike
101638 | Coc:7    | Killed a shard shrike
101693 | Coc:7    | Noticed a shard shrike
101696 | Coc:7    | Noticed a shard shrike
101697 | Coc:7    | Killed a shard shrike
101697 | Coc:7    | Killed a shard shrike
101857 | Coc:7    | Learned a level 8 spell: Necromutation
101879 | Coc:7    | Noticed a shard shrike
101880 | Coc:7    | Killed a shard shrike
101931 | Coc:7    | Noticed a shard shrike
101933 | Coc:7    | Killed a shard shrike
101952 | Coc:7    | Reached skill level 10 in Earth Magic
101976 | Coc:7    | Noticed Antaeus
102004 | Coc:7    | Killed Antaeus
102107 | Coc:7    | Got an icy rune of Zot
102142 | Coc:7    | Got a fine bone amulet
102144 | Coc:7    | Got a faintly glowing demon blade
102284 | Coc:7    | Noticed a shard shrike
102286 | Coc:7    | Killed a shard shrike
102388 | Coc:7    | Identified the cursed +1 demon blade "Zareep" {vamp, *Noise
                  | +Inv rPois Dex+5} (You found it on level 7 of Cocytus)
102389 | Coc:7    | Identified the amulet of Music {Harm *Drain +Inv rPois
                  | Dex+3} (You found it on level 7 of Cocytus)
102664 | Geh:1    | Entered Level 1 of Gehenna
103347 | Geh:7    | Entered Level 7 of Gehenna
104985 | Geh:6    | Reached skill level 1 in Transmutations
105256 | Geh:7    | Reached skill level 15 in Necromancy
105368 | Geh:7    | Noticed the Serpent of Hell
105449 | Geh:7    | Killed the Serpent of Hell
105813 | Geh:7    | Noticed Asmodeus
105996 | Geh:7    | Killed Asmodeus
106010 | Geh:7    | HP: 8/173 [Brimstone Fiend/damnation[the effects of Hell]
                  | (47)]
106058 | Geh:7    | Got an obsidian rune of Zot
106501 | Geh:7    | Got a shimmering tin ring
106506 | Geh:7    | Got a transparent rapier
106509 | Geh:7    | Identified the +5 rapier "Trog's Righteous Fury" {drain,
                  | *Slow rElec Dex+3} (You found it on level 7 of Gehenna)
106524 | Geh:7    | Got a scorched lead ring
106525 | Geh:7    | Identified the ring of the Saviour {Slay+3 Stlth+} (You
                  | found it on level 7 of Gehenna)
106526 | Geh:7    | Identified the ring of Podisose {rC+ Str+5 Int-4 Dex+7
                  | Slay+3} (You found it on level 7 of Gehenna)
106639 | Geh:7    | Lost mutation: Your muscles are strong. (Str +2)
                  | [evolution]
107039 | Lair:2   | Learned a level 5 spell: Borgnjor's Vile Clutch
107407 | Depths:4 | Got a transparent glass ring
108149 | Depths:4 | Voluntarily entered the Abyss.
108150 | Abyss:1  | Found a corrupted altar of Lugonu.
108160 | Abyss:1  | Reached skill level 27 in Conjurations
108291 | Abyss:3  | Reached skill level 5 in Transmutations
109071 | Abyss:3  | Gained mutation: You are clumsy. (Dex -2) [a neqoxec]
109396 | Abyss:3  | Got a spiked buckler
109397 | Abyss:3  | Identified the ring of Mediema {+Blink rPois rF++ rC- MR+}
                  | (You took it off a deep elf annihilator on level 4 of the
                  | Depths)
109408 | Abyss:3  | Identified the cursed +0 buckler "Hoad" {Regen+} (You found
                  | it on level 3 of the Abyss)
109581 | Abyss:3  | Got an abyssal rune of Zot
109605 | Depths:4 | Escaped the Abyss
109800 | Zot:5    | Noticed an orb of fire
109809 | Zot:5    | Killed an orb of fire
110441 | Zot:5    | Noticed an orb of fire
110448 | Zot:5    | Noticed an orb of fire
110455 | Zot:5    | Gained mutation: You are frail. (-10% HP) [an orb of fire]
110456 | Zot:5    | Killed an orb of fire
110462 | Zot:5    | Gained mutation: You are dopey. (Int -2) [an orb of fire]
110474 | Zot:5    | Killed an orb of fire
110560 | Zot:5    | Noticed an ancient lich
110561 | Zot:5    | Noticed an orb of fire
110568 | Zot:5    | Killed an ancient lich
110574 | Zot:5    | Killed an orb of fire
110660 | Zot:5    | Noticed an orb of fire
110664 | Zot:5    | Gained mutation: You are very clumsy. (Dex -4) [an orb of
                  | fire]
110664 | Zot:5    | Gained mutation: You occasionally shout uncontrollably at
                  | your foes. [an orb of fire]
110669 | Zot:5    | Killed an orb of fire
111081 | Zot:5    | Noticed an orb of fire
111087 | Zot:5    | Killed an orb of fire
111243 | Zot:5    | Noticed an orb of fire
111285 | Zot:5    | Gained mutation: You are weak. (Str -2) [an orb of fire]
111287 | Zot:5    | Killed an orb of fire
111290 | Zot:5    | Noticed an orb of fire
111291 | Zot:5    | Gained mutation: You tend to lose your temper in combat.
                  | [an orb of fire]
111307 | Zot:5    | Noticed an orb of fire
111313 | Zot:5    | Noticed an orb of fire
111314 | Zot:5    | Gained mutation: Scrolls take you a little longer to read.
                  | [an orb of fire]
111318 | Zot:5    | Mangled by an Orb Guardian

Skill      XL: |  1  2  3  4  5  6  7  8  9 10 11 12 13 14 15 16 17 18 19 20 21 22 23 24 25 26 27 |
---------------+----------------------------------------------------------------------------------+-----
Stealth        | 3 5 6 8 9 12 | 12.0
Dodging        | 3 4 5 7 8 9 10 11 12 13 14 15 16 18 | 18.0
Conjurations   | 3 4 5 6 7 8 9 11 12 13 14 15 16 17 18 19 20 21 27 | 27.0
Spellcasting   | 3 4 5 7 8 9 10 12 13 14 15 16 17 18 19 20 21 27 | 27.0
Fighting       | 1 3 4 5 6 7 8 9 10 11 21 | 21.9
Evocations     | 1 2 3 4 5 6 7 8 10 11 12 21 | 21.0
Fire Magic     | 4 5 6 7 8 9 10 11 12 13 14 15 16 17 19 20 21 | 21.0
Shields        | 1 2 3 4 5 6 |  6.0
Short Blades   | 2 5 6 8 9 10 11 12 14 | 14.0
Translocations | 3 5 6 |  6.0
Necromancy     | 15 | 15.0
Earth Magic    | 12 | 12.0
Armour         | 6 |  6.0
Transmutations | 9 |  9.2
Summonings     | |  0.7

Action                   |  1- 3 |  4- 6 |  7- 9 | 10-12 | 13-15 | 16-18 | 19-21 | 22-24 | 25-27 || total
-------------------------+-------+-------+-------+-------+-------+-------+-------+-------+-------++-------
Melee: Unarmed           |     1 |       |       |       |       |       |       |       |       ||     1
       Mace              |    13 |       |       |       |       |       |       |       |       ||    13
       Short sword       |    51 |    39 |   119 |   357 |   479 |   240 |   238 |   146 |       ||  1669
       Falchion          |       |       |       |       |    17 |       |       |       |       ||    17
       Scimitar          |       |       |       |       |       |    18 |     2 |       |       ||    20
       Quick blade       |       |       |       |       |       |       |       |   353 |  1171 ||  1524
       Rapier            |       |       |       |       |       |       |       |       |  2006 ||  2006
       Headbutt          |       |       |       |       |       |       |       |       |   167 ||   167
Throw: Throwing net      |       |       |       |       |       |       |     1 |       |       ||     1
 Cast: Flame Tongue      |    32 |    72 |   108 |   100 |   104 |     5 |     4 |       |       ||   425
       Sticky Flame      |       |     2 |    13 |   140 |   162 |    91 |    74 |    50 |    76 ||   608
       Throw Flame       |       |     1 |     2 |    58 |   226 |   172 |    27 |    30 |    17 ||   533
       Fireball          |       |       |       |    10 |    31 |    41 |    15 |       |    12 ||   109
       Mephitic Cloud    |       |       |       |       |    14 |     1 |     2 |     1 |       ||    18
       Inner Flame       |       |       |       |       |     2 |       |       |     1 |       ||     3
       Bolt of Fire      |       |       |       |       |    64 |   150 |   217 |   116 |   471 ||  1018
       Bolt of Magma     |       |       |       |       |     9 |    21 |    70 |    86 |     7 ||   193
       Ignition          |       |       |       |       |       |    21 |    36 |    24 |    75 ||   156
       Fire Storm        |       |       |       |       |       |       |       |    54 |   453 ||   507
       Blink             |       |       |       |       |       |       |       |     3 |    20 ||    23
       Iron Shot         |       |       |       |       |       |       |       |       |   452 ||   452
       Lehudib's Crystal |       |       |       |       |       |       |       |       |    73 ||    73
       Regeneration      |       |       |       |       |       |       |       |       |    65 ||    65
       Dispel Undead     |       |       |       |       |       |       |       |       |     6 ||     6
       Borgnjor's Vile C |       |       |       |       |       |       |       |       |     2 ||     2
Evoke: Wand              |       |     9 |     9 |     4 |    10 |     2 |    29 |    24 |    54 ||   141
       Sack of spiders   |       |       |       |       |       |       |       |     1 |       ||     1
       Crystal ball of e |       |       |       |       |       |       |       |       |   150 ||   150
  Use: Potion            |       |     2 |     3 |     3 |     6 |     4 |    11 |     2 |    53 ||    84
       Scroll            |       |     9 |     4 |    15 |    16 |    13 |    13 |    24 |    60 ||   154
 Stab: Sleeping          |     3 |     1 |     6 |    10 |    16 |     3 |    23 |    12 |    36 ||   110
       Invisible         |       |       |     2 |       |       |       |       |       |       ||     2
       Distracted        |       |       |       |     1 |     1 |     1 |     2 |       |    14 ||    19
       Confused          |       |       |       |       |     8 |       |       |     1 |       ||     9
       Paralysed         |       |       |       |       |       |       |       |     4 |     1 ||     5
  Eat: Chunk             |     9 |     7 |    13 |    41 |    59 |    55 |    65 |    67 |   188 ||   504
       Ration            |       |       |       |       |     1 |       |     3 |       |    30 ||    34
Armor: Robe              |     9 |    18 |    53 |    59 |       |    21 |    93 |    38 |   299 ||   590
       Leather armour    |       |       |       |    46 |   166 |    59 |       |       |       ||   271
Dodge: Dodged            |    60 |    56 |   121 |   437 |   623 |   351 |   349 |   252 |  1963 ||  4212
Block: Other             |       |       |       |    84 |   123 |     1 |       |       |     5 ||   213
       Reflection        |       |       |       |     5 |     7 |    26 |    14 |    22 |    38 ||   112
       Buckler           |       |       |       |       |    78 |   353 |   361 |   257 |  1662 ||  2711
       Rpst.: Falchion   |       |       |       |       |     4 |       |       |       |       ||     4
